 Dungeon Crawl Stone Soup version 0.23.0 (webtiles) character file.

Game seed: 13822319164134126212

1642 Yuikono the Chopper (level 8, -7/73 HPs)
             Began as a Hill Orc Fighter on Feb 12, 2019.
             Was a Follower of Beogh.
             Hit by a tomahawk thrown by an orc warrior (14 damage)
             ... on level 6 of the Dungeon.
             The game lasted 00:09:49 (5492 turns).

Yuikono the Chopper (Hill Orc Fighter)              Turns: 5492, Time: 00:09:49

Health: -7/73      AC: 14    Str: 21    XL:     8   Next: 99%
Magic:  8/8        EV:  6    Int:  8    God:    Beogh [*.....]
Gold:   134        SH:  0    Dex: 10    Spells: 7/7 levels left

rFire    . . .     SeeInvis .   D - +5 battleaxe
rCold    + + .     Gourm    .   (shield currently unavailable)
rNeg     . . .     Faith    .   n - +0 plate armour {rC+}
rPois    +         Spirit   .   x - +0 helmet
rElec    .         Reflect  .   (no cloak)
rCorr    .         Harm     .   (no gloves)
MR       .....                  (no boots)
Stlth    ..........             (no amulet)
HPRegen  0.22/turn              s - ring of protection from cold
MPRegen  0.11/turn              i - ring of poison resistance

@: no status effects
A: no striking features
a: Renounce Religion


You were on level 6 of the Dungeon.
You worshipped Beogh.
Beogh was aware of your devotion.
You were not hungry.

You visited 2 branches of the dungeon, and saw 7 of its levels.

You collected 355 gold pieces.
You spent 221 gold pieces at shops.

Inventory:

Hand Weapons
 a - a +0 war axe
 C - a cursed +1 hand axe
 D - a +5 battleaxe (weapon)
Missiles
 k - 139 arrows
 p - 131 stones (quivered)
 w - 41 bolts
 z - 4 poisoned needles
 I - 23 sling bullets
Armour
 b - a +0 scale mail
 c - a +0 shield
 n - a +0 plate armour of cold resistance (worn)
 x - a +0 helmet (worn)
 B - the +0 shield of Puqocs {-Cast rPois rN+++ Str-3}
   (You found it on level 4 of the Dungeon)

   It affects your strength (-3).
   It protects you from poison.
   It renders you almost immune to negative energy.
   It prevents spellcasting.
Jewellery
 i - a ring of poison resistance (right hand)
 m - an uncursed ring of stealth
 s - a ring of protection from cold (left hand)
Wands
 y - a wand of flame (13)
Scrolls
 e - a scroll of magic mapping
 g - 2 scrolls of noise
 h - 5 scrolls of identify
 j - 2 scrolls of blinking
 t - 2 scrolls of teleportation
 u - 2 scrolls of remove curse
 E - a scroll of enchant armour {unknown}
 J - a scroll of amnesia {unknown}
Potions
 d - 2 potions of lignification
 l - 8 potions of curing
 o - a potion of flight {unknown}
 q - a potion of invisibility {unknown}
 r - a potion of agility {unknown}
 v - a potion of degeneration {unknown}
 A - a potion of magic {unknown}
 F - a potion of might
 H - a potion of heal wounds
Comestibles
 f - 14 rations
 G - 7 chunks of flesh


   Skills:
 + Level 7.5 Fighting
 + Level 7.6 Axes
 + Level 6.9 Armour
 + Level 6.8 Shields


You had 7 spell levels left.
You didn't know any spells.
Your spell library was empty.

Dungeon Overview and Level Annotations

Branches:
Dungeon (6/15)             Temple (1/1) D:6

Altars:
Ashenzari
Cheibriados
Dithmenos
Gozag
Hepliaklqana
Kikubaaqudgha
Makhleb
Okawaru
Ru
Sif Muna
Trog
Uskayaw
Vehumet
Xom
Zin
The Shining One

Shops:
D:6 !


Message History

The orc warrior barely misses you.
You hit the orc warrior but do no damage.
The orc warrior is severely wounded.
The orc warrior hits you with a +0 dire flail!
The orc priest calls upon Beogh to heal the orc warrior.
The orc warrior is healed somewhat.
The orc priest calls down the wrath of Beogh upon you.
Beogh smites you!
The orc warrior hits you with a +0 dire flail.
You closely miss the orc warrior.
The orc warrior is heavily wounded.
The orc priest looks braver for a moment.
The orc warrior closely misses you.
Your plate armour prevents you from hitting the orc warrior.
The orc warrior is heavily wounded.
The orc warrior hits you with a +0 dire flail!!
* * * LOW HITPOINT WARNING * * *
The orc warrior throws a tomahawk.
The tomahawk hits you!
You die...
Beogh appreciates the orc warrior's killing of a heretic priest.

###.####.###### #
......<......# # ...
#...###.# #####..
#....)..#####..#
....#..##....#..@.ooo..#
###..........#.#######.#
# #.#.#.##.............#
# #......<..##[#########
#.##.#.#[.#....#
#.##.#.)..#..#.#
##.÷..#.#<......#
#...###)÷.#######
##...###.........#


You could see an orc warrior, an orc priest and an orc wizard.

Vanquished Creatures
  Sigmund (D:2)
  An orc warrior (D:6)
  3 ice beasts
  An ogre (D:4)
  A phantom (D:4)
  2 scorpions
  5 wights
  A howler monkey (D:4)
  2 crimson imps
  4 hounds
  An orc wizard (D:4)
  A jelly (D:4)
  An orc priest (D:5)
  An iguana (D:6)
  5 worker ants
  A worker ant zombie (D:5)
  5 adders
  4 worms
  2 dart slugs (D:2)
  3 leopard geckos
  21 orcs
  4 giant cockroaches
  7 goblins
  5 hobgoblins
  7 jackals
  5 quokkas
  3 ball pythons
  4 bats
  5 frilled lizards
  5 kobolds
  7 rats
118 creatures vanquished.

Vanquished Creatures (others)
  An orc wizard (D:5)
  An orc (D:5)
2 creatures vanquished.

Grand Total: 120 creatures vanquished

Notes
Turn   | Place    | Note
-------+----------+-------------------------------------------
     0 | D:1      | Yuikono the Hill Orc Fighter began the quest for the Orb.
     0 | D:1      | Reached XP level 1. HP: 19/19 MP: 1/1
   758 | D:2      | Reached XP level 2. HP: 27/27 MP: 2/2
   790 | D:2      | Noticed Sigmund
  1410 | D:2      | Killed Sigmund
  1410 | D:2      | Reached XP level 3. HP: 8/35 MP: 3/3
  1410 | D:2      | Reached XP level 4. HP: 9/41 MP: 4/4
  1410 | D:2      | Reached XP level 5. HP: 11/47 MP: 5/5
  2203 | D:3      | Reached skill level 5 in Fighting
  2251 | D:3      | Reached XP level 6. HP: 50/56 MP: 6/6
  2441 | D:3      | Found a shattered altar of Ashenzari.
  3111 | D:4      | Found a glowing silver altar of Zin.
  3111 | D:4      | Found a shimmering altar of Xom.
  3111 | D:4      | Noticed an angel
  3278 | D:4      | Reached skill level 5 in Axes
  3350 | D:4      | Noticed a phantom
  3355 | D:4      | Reached skill level 5 in Armour
  3355 | D:4      | Reached skill level 5 in Shields
  3382 | D:4      | Killed a phantom
  3382 | D:4      | Reached XP level 7. HP: 50/62 MP: 7/7
  3620 | D:4      | Got an ichor-stained shield
  3631 | D:4      | Identified the cursed +0 shield of Puqocs {-Cast rPois
                  | rN+++ Str-3} (You found it on level 4 of the Dungeon)
  3998 | D:5      | Entered Level 5 of the Dungeon
  4211 | D:5      | Became a worshipper of Beogh the Brigand
  4232 | D:5      | Reached XP level 8. HP: 35/71 MP: 8/8
  4497 | D:5      | Found an ancient bone altar of Kikubaaqudgha.
  4549 | D:5      | Found a snail-covered altar of Cheibriados.
  4549 | D:5      | Found a hazy altar of Hepliaklqana.
  5184 | D:6      | Found a staircase to the Ecumenical Temple.
  5188 | D:6      | Reached * piety under Beogh
  5193 | Temple   | Entered the Ecumenical Temple
  5349 | D:6      | Found Barei's Distillery.
  5356 | D:6      | Bought 2 potions of curing for 78 gold pieces
  5356 | D:6      | Bought a potion of curing for 39 gold pieces
  5356 | D:6      | Bought a potion of curing for 39 gold pieces
  5356 | D:6      | Bought a potion of heal wounds for 65 gold pieces
  5449 | D:6      | Found a burning altar of Makhleb.
  5471 | D:6      | Found the +2 hat of the Bear Spirit {Spirit, +Rage rN+
                  | MR++}
  5492 | D:6      | Hit by a tomahawk thrown by an orc warrior

Skill      XL: |  1  2  3  4  5  6  7  8 |
---------------+-------------------------+-----
Axes           | 4 5 6 7 |  7.6
Fighting       | 4 5 6 7 |  7.5
Armour         | 4 5 6 |  6.9
Shields        | 4 5 6 |  6.8

Action                   |  1- 3 |  4- 6 |  7- 9 || total
-------------------------+-------+-------+-------++-------
Melee: War axe           |    76 |   182 |   118 ||   376
       Battleaxe         |       |       |    76 ||    76
Invok: Convert to Beogh  |       |       |     1 ||     1
  Use: Potion            |     3 |       |       ||     3
       Scroll            |       |       |     7 ||     7
  Eat: Chunk             |     1 |     7 |     4 ||    12
       Ration            |       |       |     1 ||     1
Armor: Scale mail        |     3 |       |       ||     3
       Plate armour      |    46 |   106 |   130 ||   282
Dodge: Dodged            |    19 |    29 |    49 ||    97
Block: Shield            |    38 |   102 |    56 ||   196
